 Dungeon Crawl Stone Soup version 0.30-a0-737-gf23d94013f (webtiles) character file.

Game seed: 2947838910023708014

6080 Zenkrye the Insei (level 10, -1/100 HPs)
             Began as a Demigod Transmuter on Feb 2, 2023.
             Slain by Snorg (10 damage)
             ... on level 10 of the Dungeon.
             The game lasted 00:30:40 (9629 turns).

Zenkrye the Insei (Demigod Transmuter)              Turns: 9629, Time: 00:30:41

Health: -1/100     AC:  9    Str: 11    XL:     10   Next: 32%
Magic:  12/17      EV: 14    Int: 19    God:
Gold:   131        SH:  0    Dex: 22    Spells: 5/15 levels left

rFire   x x .      SeeInvis .      - Unarmed
rCold   + + +      Faith    .    (shield currently unavailable)
rNeg    . . .      Spirit   .    (body armour currently unavailable)
rPois   +          Reflect  .    (helmet currently unavailable)
rElec   .          Harm     .    (cloak currently unavailable)
rCorr   .          Rampage  .    (gloves currently unavailable)
Will    ++...                    (boots currently unavailable)
Stlth   ++                       e - amulet of magic regeneration
HPRegen 0.36/turn                w - ring of willpower
MPRegen 0.55/turn                c - ring of ice

@: ice-form, very slightly contaminated
A: freezing attack, amphibious, boosted hp, large, high MP 1, forlorn, divine
attributes
a: End Transformation


You were on level 10 of the Dungeon.
You were a creature of crystalline ice.
You visited 2 branches of the dungeon, and saw 11 of its levels.

You collected 425 gold pieces.
You spent 294 gold pieces at shops.

Inventory:

Hand Weapons
 h - a +0 sling (melded)
Missiles
 f - 22 poisoned darts
 o - a curare-tipped dart (quivered)
 B - 2 throwing nets {!f}
Armour
 p - a +2 helmet (melded)
 r - an orb of light (melded)
 t - a +0 kite shield
 F - a +0 troll leather armour (melded)
 H - the +3 buckler of Liberty {Str+3}
   (You bought it in a shop on level 10 of the Dungeon)

   Str:       It affects your strength (+3).
Magical Staves
 q - a staff of earth
 x - a staff of fire
Jewellery
 c - a ring of ice (right front paw)
 e - an amulet of magic regeneration (around neck)
 n - a ring of positive energy
 w - a ring of willpower (left front paw)
Wands
 y - a wand of acid (21) {@v2}
 z - a wand of charming (12)
Scrolls
 a - a scroll of acquirement {unknown}
 g - 2 scrolls of enchant weapon
 i - 5 scrolls of identify {@r1}
 k - 2 scrolls of amnesia
 s - a scroll of magic mapping
 u - a scroll of immolation
 E - a scroll of fear
 G - 6 scrolls of teleportation {@r3}
Potions
 b - a potion of lignification
 d - 2 potions of flight
 j - 3 potions of might {@q4}
 l - 2 potions of brilliance
 m - 2 potions of heal wounds {@q2}
 v - a potion of cancellation
 D - 4 potions of curing {@q1}


   Skills:
 + Level 6.7 Fighting
 + Level 6.6 Dodging
 + Level 7.7 Unarmed Combat
 - Level 3.0 Spellcasting
 + Level 7.2 Transmutations
 - Level 4.0 Ice Magic
 - Level 2.0 Poison Magic


You had 5 spell levels left.
You knew the following spells:

 Your Spells              Type           Power      Damage    Failure   Level
a - Beastly Appendage     Tmut           60%        N/A       1%          1
b - Spider Form           Tmut/Pois      20%        N/A       7%          3
c - Ice Form              Ice/Tmut       36%        N/A       16%         4
d - Wereblood             Tmut           30%        N/A       1%          2

Your spell library contained the following spells:

 Spells                   Type           Power      Damage    Failure   Level
 Magic Dart               Conj           8%         1d3       16%         1
 Searing Ray              Conj           4%         2d4       22%         2
 Fulminant Prism          Conj/Hex       1%         3d5       83%         4


Dungeon Overview and Level Annotations

Branches:
Dungeon (10/15)            Temple (1/1) D:4
   Lair: D:8-11         Orc: D:9-12

Shops:
D:6 !   D:10 [

Annotations:
D:4 2 transporters
D:8 Maurice
D:10 Snorg


Innate Abilities, Weirdness & Mutations

You are a creature of crystalline ice.
You have a powerful freezing melee attack.
You are amphibious.
Your maximum health is increased.
Your armour is entirely melded.
You are incapable of wielding weapons or throwing items.
You have an increased reservoir of magic. (+10% MP)
You shall have no god before yourself.
Your divine heritage dramatically boosts your attributes as you level up.


Message History

Found 2 stones.
a - a scroll labelled RULIRUBAYC Snorg the Insatiable comes into view.
Snorg shouts!
You shoot a sling bullet. The sling bullet hits Snorg!
Snorg is lightly wounded.
You shoot a sling bullet. The sling bullet hits Snorg.
Snorg is lightly wounded.
You shoot a sling bullet. The sling bullet barely misses Snorg.
Casting: Spider Form (dangerous; 9% risk of failure)
Confirm with . or Enter, or press ? or * to list all spells.
You feel a surge of power!
You miscast Ice Form.
You are very lightly contaminated with residual magic.
Nothing appears to happen.
Snorg goes berserk!
Casting: Ice Form (dangerous; 21% risk of failure)
Confirm with . or Enter, or press ? or * to list all spells.
You feel a surge of power!
You turn into a creature of crystalline ice.
Your +0 sling melds into your body.
Your +2 helmet melds into your body.
Your orb of light melds into your body.
Your +0 troll leather armour melds into your body.
Snorg rages.
You hit Snorg. You freeze Snorg.
Snorg is lightly wounded.
Snorg bites you!
Snorg barely misses you. x2; Snorg bites you!!
Snorg claws you but does no damage. Snorg closely misses you.
You hit Snorg. You freeze Snorg.
Snorg is lightly wounded.
Snorg closely misses you. Snorg claws you! Snorg closely misses you.
You pummel Snorg!! You freeze Snorg.
Snorg is moderately wounded.
Snorg bites you but does no damage. Snorg claws you! Snorg barely misses you.
You hit Snorg. You freeze Snorg.
Snorg is moderately wounded.
Snorg bites you!!
* * * LOW HITPOINT WARNING * * *
Snorg claws you.
* * * LOW HITPOINT WARNING * * *
Snorg misses you. Snorg bites you!
You die...

#∩<#.#
#)##.######
#....#....#
#...##.#.##
+...'.....#
#...##.#..#
#...##.#..# #
#...##.#..#.#
#...##...Y..#
#...####.T###
#...# .....
#### #.#.(#.
#.#..#.# #
#..# # #..#
#..#


You could see Snorg (berserk).

Vanquished Creatures
  Erolcha (D:10)
  A two-headed ogre (D:7)
  A troll (D:9)
  Grinder (D:5)
  A wraith (D:9)
  3 yaks
  Edmund (D:5)
  An acid dragon (D:9)
  A water moccasin (D:6)
  4 orc warriors
  3 ice beasts
  2 sky beasts
  3 black bears
  5 centaurs
  2 phantoms
  A kobold brigand (D:8)
  2 gnoll sergeants
  A necrophage (D:6)
  3 bullfrogs
  2 scorpions
  3 wights (D:9)
  6 killer bees (D:9)
  3 hounds
  7 orc priests
  3 jellies (D:6)
  9 orc wizards
  2 iguanas
  13 gnolls
  6 adders
  A shadow imp (D:7)
  3 worms
  3 dart slugs
  29 orcs
  7 ball pythons
  A bat (D:3)
  8 endoplasms
  A giant cockroach (D:4)
  2 goblins (D:2)
  5 hobgoblins
  4 jackals
  14 kobolds
  5 quokkas
  2 rats
176 creatures vanquished.

Notes
Turn   | Place    | Note
-------+----------+-------------------------------------------
     0 | D:1      | Zenkrye the Demigod Transmuter began the quest for the Orb.
     0 | D:1      | Reached XP level 1. HP: 15/15 MP: 5/5
   262 | D:1      | Reached XP level 2. HP: 21/22 MP: 7/7
   957 | D:2      | Reached XP level 3. HP: 27/27 MP: 8/8
   972 | D:2      | Learned a level 3 spell: Spider Form
  2354 | D:4      | Reached skill level 1 in Poison Magic
  2354 | D:4      | Reached XP level 4. HP: 25/34 MP: 3/9
  2597 | D:4      | Found a transporter.
  2755 | D:4      | Found a staircase to the Ecumenical Temple.
  2763 | D:4      | Noticed a phantom
  2774 | Temple   | Entered the Ecumenical Temple
  2792 | Temple   | Killed a phantom
  2793 | Temple   | Reached XP level 5. HP: 12/39 MP: 12/12
  2961 | D:4      | Learned a level 4 spell: Ice Form
  2995 | D:4      | Reached skill level 1 in Fighting
  3222 | D:4      | Found a transporter.
  3224 | D:4      | Noticed a fire bat
  3225 | D:4      | Noticed a fire bat
  3256 | D:5      | Entered Level 5 of the Dungeon
  3425 | D:5      | Reached XP level 6. HP: 47/47 MP: 13/13
  3487 | D:5      | Noticed Grinder
  3500 | D:5      | Killed Grinder
  3595 | D:5      | Noticed Edmund
  3608 | D:5      | Killed Edmund
  3609 | D:5      | Reached XP level 7. HP: 56/56 MP: 14/14
  4395 | D:6      | Found Cofinuak's Distillery.
  4442 | D:6      | Reached skill level 5 in Unarmed Combat
  4583 | D:6      | Reached skill level 1 in Ice Magic
  4968 | D:6      | Reached XP level 8. HP: 63/63 MP: 13/15
  5381 | D:6      | Reached skill level 5 in Transmutations
  6361 | D:7      | Reached XP level 9. HP: 28/72 MP: 16/16
  6523 | D:7      | Reached skill level 5 in Dodging
  7244 | D:8      | Noticed Maurice
  7318 | D:8      | Noticed a two-headed ogre
  7334 | D:7      | Killed a two-headed ogre
  7335 | D:7      | Reached skill level 5 in Fighting
  7738 | D:8      | Noticed a boulder beetle
  8452 | D:9      | Reached XP level 10. HP: 82/83 MP: 14/17
  9549 | D:9      | Learned a level 2 spell: Wereblood
  9583 | D:10     | Entered Level 10 of the Dungeon
  9583 | D:10     | Found Fanicvea's Antique Armour Emporium.
  9584 | D:10     | Noticed Erolcha
  9593 | D:10     | Killed Erolcha
  9596 | D:10     | Bought a pitted buckler for 294 gold pieces
  9596 | D:10     | Identified the +3 buckler of Liberty {Str+3} (You bought it
                  | in a shop on level 10 of the Dungeon)
  9620 | D:10     | Noticed Snorg
  9629 | D:10     | Slain by Snorg

Illustrated notes

Levels and vault maps discovered:
D:1:      enne_arrival_octagon_isle, layout_loops_ring,
          minmay_misc_feat_more_columns
D:2:      layout_basic, basic_altar, minmay_3d_cube
D:3:      layout_basic, ebering_ecumenical_altar_rust
D:4:      gammafunk_cloud_chamber, layout_rooms,
          mainiacjoe_overflow_concentric_impassable, marbit_many_paths,
          nicolae_vehumet_radiance, minmay_temple_entry_nine_rooms
D:5:      layout_loops_ring, gammafunk_temple_overflow_wave, serial_rivers,
          chequers_serial_rivers_large_a, chequers_serial_rivers_small_3,
          chequers_serial_rivers_micro_b, chequers_serial_rivers_large_b,
          uniq_grinder, uniq_edmund
D:6:      layout_loops_ring, old_standard_altar, serial_shops,
          nicolae_stop_n_shop_2
D:7:      layout_rooms, mainiacjoe_overflow_big_doors
D:8:      layout_cave_pools, lair_entry_dummy, kennysheep_opposing_triangles,
          uniq_maurice
D:9:      layout_stronghold
D:10:     layout_basic, serial_shops, shop, chequers_big_river, uniq_erolcha,
          uniq_harold, uniq_grum, uniq_snorg
Temple:   zaba_magenta_temple

Skill      XL: |  1  2  3  4  5  6  7  8  9 10 |
---------------+-------------------------------+-----
Unarmed Combat | 3 4 5 6 7 |  7.7
Spellcasting   | 2 3 |  3.0
Transmutations | 2 3 4 5 6 7 |  7.2
Poison Magic   | 1 2 |  2.0
Fighting       | 1 2 3 4 6 |  6.7
Dodging        | 2 3 4 6 |  6.6
Ice Magic      | 1 3 4 |  4.0

Action                     |  1- 3 |  4- 6 |  7- 9 | 10-12 || total
---------------------------+-------+-------+-------+-------++-------
  Melee: Unarmed           |    31 |    63 |   329 |    62 ||   485
         Kick              |     5 |       |       |       ||     5
         Headbutt          |     1 |       |       |       ||     1
         Punch             |     1 |       |       |       ||     1
   Fire: Sling             |    85 |    86 |   102 |    10 ||   283
  Throw: Stone             |     4 |       |       |       ||     4
         Dart              |     6 |     4 |     3 |       ||    13
   Cast: Beastly Appendage |     9 |       |       |       ||     9
         Spider Form       |     3 |    11 |    37 |     3 ||    54
         Ice Form          |       |       |     5 |     5 ||    10
Ability: End Transformatio |       |     1 |     2 |       ||     3
    Use: Scroll            |     8 |     1 |     8 |     1 ||    18
         Potion            |       |     2 |     5 |       ||     7
   Stab: Sleeping          |     1 |       |       |       ||     1
         Invisible         |       |       |     4 |       ||     4
 Armour: Robe              |    11 |    10 |    12 |       ||    33
         Skin              |     1 |     3 |    35 |    11 ||    50
  Dodge: Dodged            |    43 |    85 |   352 |    53 ||   533

Table legend: (Time is in decaauts)
 A = Elapsed time spent in this place.
 B = Non-inter-level travel time spent in this place.
 C = Inter-level travel time spent in this place.
 D = Time resting spent in this place.
 E = Time spent auto-exploring this place.
 F = Levels seen in this place.
 G = Mean time per level.
                   A        B        C        D        E       F      G
               +--------+--------+--------+--------+--------+-----+--------+
         Total |   9720 |   9336 |    384 |   1033 |   6525 |  11 |  883.6 |
       Dungeon |   9599 |   9215 |    384 |    936 |   6525 |  10 |  959.9 |
        Temple |    121 |    121 |      0 |     97 |      0 |   1 |  121.0 |
               +--------+--------+--------+--------+--------+-----+--------+

Top non-repeatable levels by time:
     D:9: 1766 daAuts
     D:6: 1487 daAuts
     D:5: 1342 daAuts
     D:7: 1337 daAuts
     D:3: 1026 daAuts
     D:4: 910 daAuts
     D:1: 686 daAuts
     D:2: 567 daAuts
     D:8: 428 daAuts
  Temple: 121 daAuts
    D:10: 45 daAuts
